 Dungeon Crawl Stone Soup version 0.23-a0-726-g9fa1570 (webtiles) character file.

4 MalarOregon the Chiller (level 1, 0/13 HPs)
             Began as a Merfolk Ice Elementalist on Jan 17, 2019.
             Slain by a hobgoblin (3 damage)
             ... on level 2 of the Dungeon.
             The game lasted 00:01:42 (261 turns).

MalarOregon the Chiller (Merfolk Ice Elementalist)   Turns: 261, Time: 00:01:42

Health: 0/13       AC:  3    Str:  8    XL:     1   Next: 60%
Magic:  0/3        EV: 12    Int: 14    God:
Gold:   0          SH:  0    Dex: 14    Spells: 3/4 levels left

rFire    . . .     SeeInvis .   a - +0 club
rCold    . . .     Gourm    .   (no shield)
rNeg     . . .     Faith    .   f - +0 leather armour
rPois    .         Spirit   .   (no helmet)
rElec    .         Reflect  .   (no cloak)
rCorr    .         Harm     .   (no gloves)
MR       .....                  (no boots)
Stlth    ++........             (no amulet)
HPRegen  0.04/turn              (no ring)
MPRegen  0.08/turn              (no ring)

@: no status effects
A: change form in water, swift swim, stealthy swim
a: no special abilities


You were on level 2 of the Dungeon.
You were not hungry.

You visited 1 branch of the dungeon, and saw 2 of its levels.

Inventory:

Hand Weapons
 a - a +0 club (weapon)
   (You took it off a hobgoblin on level 2 of the Dungeon)
Missiles
 b - 20 stones (quivered)
Armour
 f - a +0 leather armour (worn)
   (You found it on level 1 of the Dungeon)
Scrolls
 c - a scroll of identify {unknown}
Comestibles
 d - a chunk of flesh
 e - a ration {!d}


   Skills:
 + Level 0.2 Fighting
 + Level 0.2 Throwing
 + Level 2.8 Dodging
 - Level 2.1 Stealth
 + Level 2.0 Spellcasting
   Level 0.7 Conjurations
 + Level 3.3 Ice Magic


You had 3 spell levels left.
You knew the following spells:

 Your Spells              Type           Power        Failure   Level  Hunger
a - Freeze                Ice            ##..         9%          1    ##.....

Your spell library contained the following spells:

 Spells                   Type           Power        Failure   Level  Hunger
 Throw Frost              Conj/Ice       #.....       22%         2    ###....
 Ozocubu's Armour         Chrm/Ice       #.......     45%         3    ####...
 Throw Icicle             Conj/Ice       #.......     83%         4    #####..
 Summon Ice Beast         Ice/Summ       #.......     86%         4    #####..


Dungeon Overview and Level Annotations

Branches:
Dungeon (1/15)

Altars:


Message History

You kill the bat!
You see here a bat corpse.
You butcher the bat corpse.
d - a chunk of flesh You see here a bat skeleton.
You start resting.
You start resting.
You see here a leather armour.
f - a leather armour Wear which item? (? for menu, Esc to quit)
You start removing your armour.
You continue taking off your +0 robe. x4
You finish taking off your +0 robe.
You start putting on your armour.
You continue putting on your leather armour. x5
You finish putting on your +0 leather armour.
Drop what? 6/52 slots (_ for help) (? for menu, Esc to quit)
You drop a +0 robe.
You see here a bat skeleton.
b - 19 stones (gained 1)
b - 20 stones (gained 1)
Found a chain mail.
Found a scroll labeled IRAFUEN JINO.
You fall through a shaft!
The shaft crumbles and collapses.
A hobgoblin comes into view. It is wielding a +0 club.
The hobgoblin shouts!
A hobgoblin comes into view.
The hobgoblin shouts!
You hear a shout!
Aim: a hobgoblin, wielding a +0 club You freeze the hobgoblin.
The hobgoblin closely misses you.
Aim: a hobgoblin, wielding a +0 club (lightly wounded)
You freeze the hobgoblin. The hobgoblin hits you.
Aim: a hobgoblin, wielding a +0 club (heavily wounded)
You freeze the hobgoblin.
You kill the hobgoblin!
The hobgoblin hits you.
Things that are here:
a +0 club; a hobgoblin corpse
a - a +0 club The hobgoblin closely misses you.
A hobgoblin comes into view. It is wielding a -2 club.
Wield which item (- for none, * to show all)? (? for menu, Esc to quit)
a - a +0 club (weapon)
The hobgoblin hits you.
* * * LOW HITPOINT WARNING * * *
The hobgoblin closely misses you.
Found a runed hand axe.
You hit the hobgoblin but do no damage. The hobgoblin misses you.
You hit the hobgoblin. The hobgoblin hits you.
You die...

.. #.# ##.## ...#
###..# ....#####.#
#.........
#########.†.......
.).....@gg........
.########..#####.#
#..... ##.#### ..#
.## .


You could see 2 hobgoblins.

Vanquished Creatures
  2 bats (D:1)
  A hobgoblin (D:2)
  A frilled lizard (D:1)
4 creatures vanquished.

Notes
Turn   | Place    | Note
-------+----------+-------------------------------------------
     0 | D:1      | MalarOregon the Merfolk Ice Elementalist began the quest
                  | for the Orb.
     0 | D:1      | Reached XP level 1. HP: 13/13 MP: 3/3
   250 | D:1      | You fall through a shaft!
   261 | D:2      | Slain by a hobgoblin

Vault maps used:
D:1:      enne_arrival_octagon_isle
D:2:      lemuel_coloured_pillars_altar, uniq_robin

Action                   || total
-------------------------++-------
Melee: Club              ||     2
Throw: Stone             ||     8
 Cast: Freeze            ||     7
Armor: Robe              ||     1
Dodge: Dodged            ||     7

Table legend:
 A = Non-vault XP
 B = Vault XP
 C = Vault XP percentage of total XP
 D = Non-vault monster count
 E = Vault monster count
 F = Vault count percentage of total count
                 A         B        C        D         E       F
            +---------+---------+-------+---------+---------+-------
      Total |       6 |       0 |   0.0 |       4 |       0 |   0.0
            +---------+---------+-------+---------+---------+-------
        D:1 |       4 |       0 |   0.0 |       3 |       0 |   0.0
        D:2 |       2 |       0 |   0.0 |       1 |       0 |   0.0
            +---------+---------+-------+---------+---------+-------
